AoeStats
← Malcolm Little

African Clearing

506742827Analyzed
2v2 RM · 17d ago on Sep 14, 2026· 63m 25s· 4 players
Game mode
Random Map
Map size
Medium (4 player)
Population
200
Speed
Normal
Resources
Standard
Victory
Conquest
Starting age
Dark Age
Ending age
Imperial Age
RankedLock teamsTeams togetherTeam positionsShared explorationLock speedFull tech treeHidden civsTurbo modeCheats
Victory
Defeat
🇨🇱 Mongols · Chile
1422
+13
🇩🇴 Saracens · Dominican Republic
1384
+14
🇨🇱 Japanese · Chile
1434
-17
🇨🇱 Huns · Chile
1259
-10
|DD2E| Poloisses
8:13 Loom
13:20 Feudal Age
18:27 Castle Age
17:37 Double-Bit Axe
17:36 Horse Collar
18:14 Scale Barding Armor
19:04 Bloodlines
29:05 Elite Skirmisher
30:51 Fletching
32:42 Ballistics
36:47 Wheelbarrow
36:24 Husbandry
44:42 Forging
51:28 Imperial Age
55:54 Thumb Ring
Kerjo
5:30 Loom
13:34 Feudal Age
18:04 Castle Age
16:49 Fletching
17:31 Double-Bit Axe
21:29 Bodkin Arrow
24:20 Ballistics
24:53 Wheelbarrow
24:37 Padded Archer Armor
27:15 Leather Archer Armor
27:46 Bow Saw
28:54 Husbandry
30:17 Bloodlines
30:56 Town Watch
44:41 Horse Collar
48:41 Imperial Age
48:46 Imperial Age
46:53 Scale Mail Armor
47:03 Forging
46:44 Elite Skirmisher
47:43 Masonry
47:57 Chain Mail Armor
49:24 Thumb Ring
51:51 Imperial Age
50:17 Iron Casting
49:45 Pikeman
50:25 Squires
52:34 Bracer
53:36 Chemistry
53:07 Ring Archer Armor
52:02 Halberdier
52:54 Heavy Plow
yinyangwar
4:01 Loom
11:11 Feudal Age
11:52 Double-Bit Axe
21:04 Castle Age
19:07 Padded Archer Armor
19:27 Gold Mining
22:21 Bow Saw
23:42 Fletching
24:08 Leather Archer Armor
24:30 Husbandry
28:18 Bodkin Arrow
29:06 Horse Collar
30:01 Heavy Plow
31:41 Bloodlines
33:45 Wheelbarrow
35:47 Hand Cart
36:26 Scale Barding Armor
36:26 Elite Skirmisher
37:12 Thumb Ring
37:18 Town Watch
43:11 Gold Shaft Mining
45:52 Imperial Age
45:38 Ballistics
47:36 Bracer
49:02 Chain Barding Armor
48:42 Scale Mail Armor
48:52 Forging
48:29 Light Cavalry
51:09 Chemistry
51:10 Iron Casting
50:49 Heavy Camel Rider
52:52 Blast Furnace
54:13 Parthian Tactics
54:43 Parthian Tactics
55:02 Conscription
54:56 Hussar
58:11 Heavy Cavalry Archer
61:59 Drill
61:55 Capped Ram
62:55 Siege Ram
Malcolm Little
6:08 Loom
13:31 Feudal Age
18:01 Castle Age
16:57 Forging
16:57 Double-Bit Axe
19:18 Scale Barding Armor
29:15 Wheelbarrow
30:16 Horse Collar
32:23 Bow Saw
37:05 Chain Barding Armor
39:40 Imperial Age
39:34 Gold Mining
39:35 Stone Mining
40:36 Iron Casting
39:52 Fletching
39:57 Capped Ram
39:58 Onager
41:23 Elite Mameluke
42:52 Plate Barding Armor
45:08 Bodkin Arrow
46:16 Conscription
47:05 Blast Furnace
49:49 Two-Man Saw
48:51 Heavy Plow
48:38 Town Watch
49:38 Bracer
49:58 Bloodlines
51:05 Counterweights
54:49 Hand Cart
54:35 Town Patrol
55:49 Padded Archer Armor
55:52 Husbandry
55:13 Light Cavalry
57:25 Leather Archer Armor
56:34 Siege Ram
62:08 Hoardings
Connection lost

Rejoining the realm…

Still unreachable

The connection could not be restored.

Session expired

The server has moved on; the page needs a fresh start.